 Dungeon Crawl Stone Soup version 0.19-a0-585-ge40200b (webtiles) character file.

1 ololoev the Firebug (level 1, 14/14 HPs)
             Began as a Draconian Fire Elementalist on June 9, 2016.
             Quit the game on level 2 of the Dungeon.
             The game lasted 00:00:23 (54 turns).

ololoev the Firebug (Draconian Fire Elementalist)     Turns: 54, Time: 00:00:24

Health: 14/14      AC:  4    Str: 10    XL:     1   Next: 16%
Magic:  0/3        EV: 12    Int: 15    God:
Gold:   19         SH:  0    Dex: 11    Spells: 1 memorised, 3 levels left

rFire  . . .     SeeInvis .     (no weapon)
rCold  . . .     Gourm    .     (armour unavailable)
rNeg   . . .     Faith    .     (no shield)
rPois  .         Spirit   .     (helmet restricted)
rElec  .         Dismiss  .     (no cloak)
rCorr  .         Reflect  .     (no gloves)
SustAt .         Harm     .     (no boots)
MR     .....                    (no amulet)
Stlth  ++........               (no ring)
                                (no ring)

@: not resistant to hostile enchantments, unstealthy
A: unfitting armour, cold-blooded, AC +4
a: no special abilities


Innate Abilities, Weirdness & Mutations

Your plain brown scales are hard. (AC +4)
Your body does not fit into most forms of armour.
You are cold-blooded and may be slowed by cold attacks.

Inventory:

Books
 a - a book of Flames

   Spells                             Type                      Level
   a - Flame Tongue                   Conjuration/Fire             1
   b - Throw Flame                    Conjuration/Fire             2
   c - Conjure Flame                  Conjuration/Fire             3
   d - Inner Flame                    Hexes/Fire                   3
   e - Sticky Flame                   Conjuration/Fire             4
   f - Fireball                       Conjuration/Fire             5
Comestibles
 b - a bread ration
 c - 2 fruits


   Skills:
 - Level 1.7 Dodging
 - Level 1.7 Stealth
 + Level 2.1 Spellcasting
 * Level 1.0 Conjurations
 + Level 3.0 Fire Magic


You had 3 spell levels left.
You knew the following spells:

 Your Spells              Type           Power        Failure   Level  Hunger
a - Flame Tongue          Conj/Fire      #....        12%         1    #......


You were on level 2 of the Dungeon.
You were not hungry.

You visited 1 branch of the dungeon, and saw 2 of its levels.

You collected 19 gold pieces.

#......)...g....#
#...############.#
.. #.# #<# #(# #g#
#.# #.### #@s.#
###.# .# #

Notes
Turn   | Place    | Note
--------------------------------------------------------------
     0 | D:1      | ololoev the Draconian Fire Elementalist began the quest for the Orb.
     0 | D:1      | Reached XP level 1. HP: 14/14 MP: 3/3
    54 | D:2      | Quit the game

Dungeon Overview and Level Annotations

Branches:
Dungeon (2/15)

Altars:


Message History

Welcome, ololoev the Draconian Fire Elementalist.
The bosom of this dungeon contains the fabled artefact, the Orb of Zot.
Press ? for a list of commands and other information.
Found 12 gold pieces.
Found a staircase leading out of the dungeon.
You now have 12 gold pieces.
You open the large door.
Found 7 gold pieces.
There is a large open door here.
There is a large open door here.
You now have 19 gold pieces (gained 7).
There is a large open door here.
Found a stone staircase leading down.
There is a stone staircase leading down here.
You climb downwards.
Found 24 stones.
There is a stone staircase leading up here.
A bat comes into view.
Found 2 fruits.
Casting: Flame Tongue
Confirm with . or Enter, or press ? or * to list all spells.
Aiming: Flame Tongue
Press: ? - help, Shift-Dir - straight line, f - bat
Aim: a bat (resting)
The flame tongue hits the bat.
You kill the bat!
You see here a bat corpse.
c - 2 fruits A kobold comes into view. It is wielding a dagger.
The kobold shouts!
Casting: Flame Tongue
Confirm with . or Enter, or press ? or * to list all spells.
Aiming: Flame Tongue
Press: ? - help, Shift-Dir - straight line, f - kobold
Aim: a kobold, wielding a dagger The flame tongue hits the kobold.
The kobold appears unharmed.
The kobold barely misses you.
Casting: Flame Tongue
Confirm with . or Enter, or press ? or * to list all spells.
Aiming: Flame Tongue
Press: ? - help, Shift-Dir - straight line, f/p - kobold
Aim: a kobold, wielding a dagger The flame tongue misses the kobold.
The kobold hits you but does no damage.
A giant gecko and a hobgoblin come into view.
The giant gecko moves out of view.
The hobgoblin shouts!
Casting: Flame Tongue
Confirm with . or Enter, or press ? or * to list all spells.
Aiming: Flame Tongue
Press: ? - help, Shift-Dir - straight line, f/p - kobold
Aim: a kobold, wielding a dagger The flame tongue hits the kobold.
You kill the kobold!
You see here a bat corpse.
There is a stone staircase leading up here.
You see here 24 stones.
A giant cockroach comes into view.
The giant cockroach waves its antennae.
The giant cockroach barely misses you. The giant cockroach closely misses you.
Casting: Flame Tongue
Confirm with . or Enter, or press ? or * to list all spells.
Aiming: Flame Tongue
Press: ? - help, Shift-Dir - straight line, f - giant cockroach
Aim: a giant cockroach (clinging)
The flame tongue misses the giant cockroach.
The giant cockroach barely misses you.
Are you sure you want to abandon this character and quit the game? (Confirm with "yes".)

You could see a giant cockroach and a hobgoblin.

Vanquished Creatures
  A bat (D:2)
  A kobold (D:2)
2 creatures vanquished.

Action                   || total
-------------------------++-------
 Cast: Flame Tongue      ||     5
Armor: Skin              ||     1
Dodge: Dodged            ||     4

Vault maps used:
D:1:      saegor_arrival_simple_e, lemuel_flame_loot_1
D:2:      lemuel_upstairs_altar, lightli_temple_of_fire, lemuel_round_altar,
          first_bread, tgw_fedhas, uniq_natasha
